[Event "Titled Tuesday Blitz February 28 Late 2023"]
[White "Molenda, Marcin"]
[Black "Sarana, Alexey"]
[WhiteFideId "1173065"]
[BlackFideId "24133795"]
[WhiteElo "2286"]
[BlackElo "2717"]
[Result "0-1"]
[Round "01"]
[TimeControl "180+2"]
[Date "2023.02.28"]
[WhiteClock "0:00:06"]
[BlackClock "0:01:00"]

1. e4 c5 2. Nf3 d6 3. d4 cxd4 4. Nxd4 Nf6 5. Nc3 a6 6. f3 e5 7. Nb3 Be6 8. Be3 Nbd7 9. Nd5 Nxd5 10. exd5 Bf5 11. Qd2 Be7 12. c4 a5 13. Be2 a4 14. Nc1 O-O 15. O-O Bg6 16. Nd3 Bf6 17. Nf2 b6 18. Bd3 Nc5 19. Bxc5 bxc5 20. Bxg6 hxg6 21. Ne4 Be7 22. g4 f5 23. Ng3 Bg5 24. Qd3 Bf4 25. gxf5 gxf5 26. Rf2 Qe8 27. Rg2 Qf7 28. Kh1 Bh6 29. Rag1 Rab8 30. Qc2 Rb4 31. Nf1 Qh5 32. f4 exf4 33. Qc3 Rf7 34. Nd2 Rbb7 35. Nf3 Rbe7 36. Ng5 Bxg5 37. Rxg5 Qe2 38. Qh3 Qe4+ 39. R5g2 Qxc4 40. Qf3 Qe4 41. Qh5 Qxd5 42. h4 f3 43. Rf2 Re2 44. Rgf1 Qe5 45. Qxf3 Rxf2 46. Qxf2 f4 47. Re1 Qd5+ 48. Kh2 f3 49. Re8+ Kh7 50. Qc2+ Qf5 51. Qf2 Qg4 52. Rd8 Rf6 53. Qc2+ Rg6 54. Qf2 Qg2+ 55. Qxg2 Rxg2+ 56. Kh3 Rxb2 57. Rxd6 Rxa2 58. Rc6 Rc2 59. Ra6 Ra2 60. Rc6 a3 61. Rxc5 Rb2 62. Ra5 a2 63. Kg3 f2 64. Kg2 f1=Q+ 65. Kxf1 Rb1+ 0-1


[Site "https://www.chess.com"]

[Event "Titled Tuesday Blitz February 28 Late 2023"]
[White "Alekseenko, Kirill"]
[Black "Balla, Tamas-Kristof"]
[WhiteFideId "4135539"]
[BlackFideId "1208497"]
[WhiteElo "2683"]
[BlackElo "2334"]
[Result "1-0"]
[Round "01"]
[TimeControl "180+2"]
[Date "2023.02.28"]
[WhiteClock "0:00:12"]
[BlackClock "0:00:06"]

1. d4 d5 2. Nc3 Nf6 3. Bf4 c5 4. e3 cxd4 5. exd4 a6 6. Nf3 Nc6 7. Ne5 e6 8. Nxc6 bxc6 9. Na4 Bd6 10. Bxd6 Qxd6 11. Bd3 O-O 12. O-O e5 13. dxe5 Qxe5 14. Re1 Qd6 15. Nb6 Ra7 16. Nxc8 Rxc8 17. Qf3 c5 18. c4 d4 19. Re2 Re7 20. Rae1 Rxe2 21. Rxe2 h6 22. g3 Re8 23. Rxe8+ Nxe8 24. Qb7 g6 25. a3 Kg7 26. b4 cxb4 27. axb4 Qe6 28. c5 Nf6 29. Qxa6 Qb3 30. Qc4 Qb2 31. h3 Qa1+ 32. Kg2 h5 33. c6 Qa8 34. b5 h4 35. g4 Qc8 36. Qxd4 Qe6 37. c7 Qc8 38. b6 Qb7+ 39. Kg1 Qc6 40. Bc4 Kh7 41. Qf4 Ne4 42. Qxf7+ Kh6 43. Qf8+ Kg5 44. f4# 1-0


[Site "https://www.chess.com"]

[Event "Titled Tuesday Blitz February 28 Late 2023"]
[White "Prydun, Andriy"]
[Black "Fressinet, Laurent"]
[WhiteFideId "14145898"]
[BlackFideId "608742"]
[WhiteElo "2164"]
[BlackElo "2633"]
[Result "0-1"]
[Round "01"]
[TimeControl "180+2"]
[Date "2023.02.28"]
[WhiteClock "0:00:03"]
[BlackClock "0:00:04"]

1. e4 g6 2. d4 Bg7 3. h3 d6 4. c3 Nc6 5. Nd2 e5 6. d5 Nce7 7. g4 f5 8. gxf5 gxf5 9. Qh5+ Kf8 10. exf5 Nf6 11. Qe2 Nexd5 12. Ne4 Bxf5 13. Bg2 c6 14. Bg5 Qd7 15. O-O-O Nxe4 16. Bxe4 Bxe4 17. Qxe4 Qe6 18. Ne2 Nf6 19. Qb4 Ne8 20. Qxb7 Rc8 21. f4 Rc7 22. Qb4 Rf7 23. Rhf1 e4 24. f5 Rxf5 25. Ng3 Rxf1 26. Rxf1+ Kg8 27. Qxe4 Qxe4 28. Nxe4 h6 29. Be3 d5 30. Ng3 a6 31. Nh5 Be5 32. Bc5 Bd6 33. Bxd6 Nxd6 34. Rf6 Ne4 35. Rxc6 Kf7 36. Rxa6 Rg8 37. Rxh6 Rg1+ 38. Kc2 Rg2+ 39. Kb3 Nd2+ 40. Kb4 Ne4 41. b3 Rxa2 42. Nf4 Rd2 43. Ne6 Rc2 44. Nd4 Rxc3 45. Rh5 Rd3 46. Rxd5 Rd1 47. Kc4 Nf6 48. Rf5 Rc1+ 49. Kd3 Rh1 50. Rf3 Kg6 51. Kc4 Nd7 52. Kd5 Nf6+ 53. Kc4 Rc1+ 54. Kd3 Nd7 55. b4 Ne5+ 56. Ke4 Nxf3 57. Nxf3 Rc4+ 58. Ke3 Rxb4 59. Kf2 Kf5 60. Kg3 Rb3 61. Kg2 Kf4 62. Nh4 Rb2+ 63. Kf1 Kg3 64. Nf5+ Kf3 65. Nd4+ Ke3 66. Nf5+ Kf4 67. Nd4 Kg3 68. Ne2+ Kxh3 69. Kf2 Kg4 70. Ke3 Rb3+ 71. Ke4 Rb1 72. Ke3 Re1 73. Kf2 Rh1 74. Ke3 Rh2 75. Nd4 Kg3 76. Ke4 Rh4+ 77. Ke3 Kg2 78. Nf3 Rh3 0-1


[Site "https://www.chess.com"]

[Event "Titled Tuesday Blitz February 28 Late 2023"]
[White "Bortnyk, Mykola"]
[Black "Karamsetty, Jeevan"]
[WhiteFideId "14120836"]
[BlackFideId "2025337"]
[WhiteElo "2582"]
[BlackElo "2111"]
[Result "1-0"]
[Round "01"]
[TimeControl "180+2"]
[Date "2023.02.28"]
[WhiteClock "0:01:01"]
[BlackClock "0:00:03"]

1. c4 Nf6 2. g3 e6 3. Bg2 d5 4. b3 Be7 5. Bb2 O-O 6. Nf3 c5 7. e3 Nc6 8. cxd5 exd5 9. d3 b6 10. O-O Bb7 11. Nbd2 Nb4 12. Ne1 Ba6 13. Ndf3 Rc8 14. Ne5 Re8 15. a3 Nc6 16. f4 Bb7 17. N1f3 Bd6 18. Qc2 Nd7 19. Bh3 Bxe5 20. Nxe5 Ncxe5 21. fxe5 Rc7 22. d4 cxd4 23. Qf5 Nxe5 24. Bxd4 Ng6 25. Bg2 Rce7 26. h4 Ne5 27. h5 f6 28. h6 Bc8 29. Qf4 Ng6 30. Qf3 Re4 31. hxg7 Rxd4 32. exd4 Kxg7 33. Qxd5 Qxd5 34. Bxd5 Rd8 35. Rac1 Bg4 36. Bf3 Bxf3 37. Rxf3 Rxd4 38. Rc7+ Kh6 39. Rxa7 Rd1+ 40. Kg2 Kg5 41. Rxh7 Ne5 42. Rf2 Rd3 43. Rg7+ Kh6 44. Rg8 Rxb3 45. Rxf6+ Kh7 46. Rg5 Re3 47. Rff5 Ng6 48. Rf7+ Kh6 49. Rb5 Re2+ 50. Kf1 Re6 51. Rb7 Rf6+ 52. Kg1 Rf3 53. g4 Rxa3 54. Rh5# 1-0


[Site "https://www.chess.com"]

[Event "Titled Tuesday Blitz February 28 Late 2023"]
[White "Petukhov, Dmitry"]
[Black "Makarian, Rudik"]
[WhiteFideId "4142748"]
[BlackFideId "44105681"]
[WhiteElo "2311"]
[BlackElo "2419"]
[Result "0-1"]
[Round "01"]
[TimeControl "180+2"]
[Date "2023.02.28"]
[WhiteClock "0:00:15"]
[BlackClock "0:00:12"]

1. e4 c5 2. c3 d5 3. exd5 Nf6 4. d4 Nxd5 5. dxc5 e6 6. a3 Bxc5 7. c4 Nf6 8. Qxd8+ Kxd8 9. Nc3 Ke7 10. Be2 Nc6 11. Nf3 a5 12. O-O Rd8 13. Rd1 Rxd1+ 14. Bxd1 Bd7 15. h3 Rd8 16. Bc2 Nd4 17. Nxd4 Bxd4 18. Nb5 Bxb5 19. cxb5 h6 20. Rb1 g5 21. b4 Rc8 22. Bd3 axb4 23. axb4 Rc3 24. Be2 Rc2 25. Bf3 Rxf2 26. Kh2 b6 27. Rb3 Rc2 28. Be3 Bxe3 29. Rxe3 Rc4 30. Rb3 Nd5 31. Bxd5 exd5 32. Kg3 f5 33. Kf3 Kd6 34. g3 Ke5 35. Re3+ Kd6 36. Rb3 d4 37. Ke2 Rc2+ 38. Kd3 Rc3+ 39. Rxc3 dxc3 40. Kxc3 Kd5 41. Kd3 Ke5 42. Ke3 h5 43. h4 g4 44. Ke2 Ke4 45. Kf2 Kd3 46. Ke1 Ke3 47. Kd1 Kf2 48. Kd2 Kxg3 49. Kd3 f4 50. Kd4 f3 51. Kd5 f2 52. Kc6 f1=Q 53. Kxb6 Kxh4 54. Ka5 g3 55. b6 Qa1+ 56. Kb5 Qe5+ 57. Ka6 Qb8 0-1


[Site "https://www.chess.com"]

[Event "Titled Tuesday Blitz February 28 Late 2023"]
[White "Sjugirov, Sanan"]
[Black "Drnovsek, Gal"]
[WhiteFideId "4189302"]
[BlackFideId "14607077"]
[WhiteElo "2569"]
[BlackElo "2293"]
[Result "1-0"]
[Round "01"]
[TimeControl "180+2"]
[Date "2023.02.28"]
[WhiteClock "0:00:03"]
[BlackClock "0:00:03"]

1. Nf3 g6 2. e4 Bg7 3. d4 d6 4. Bd3 Nc6 5. c3 e5 6. O-O Nf6 7. h3 O-O 8. Re1 Qe7 9. Bc2 Bd7 10. Nbd2 Rae8 11. Nf1 Kh8 12. Ng3 Ng8 13. b4 exd4 14. Nxd4 Ne5 15. Rb1 c5 16. Nf3 Nxf3+ 17. Qxf3 f5 18. Bd2 Bc6 19. b5 fxe4 20. Qe2 Bd7 21. Bxe4 Nf6 22. Bf3 Qf7 23. Qd3 d5 24. Bg5 Ne4 25. Nxe4 dxe4 26. Bxe4 Qxf2+ 27. Kh1 Bf5 28. Re2 Bxe4 29. Rxe4 Rxe4 30. Qxe4 Qg3 31. Be3 Be5 32. Bg1 Qxc3 33. Qxb7 Qd3 34. Re1 Bg7 35. Bxc5 Qd2 36. Qe4 Rc8 37. Bg1 Qxa2 38. Bd4 Qg8 39. Bxa7 Bf6 40. Bd4 Rf8 41. b6 Kg7 42. Bxf6+ Rxf6 43. b7 Qb8 44. Qb4 Rf7 45. Rb1 Kg8 46. Qb3 Kg7 47. Qc3+ Kh6 48. Qc1+ g5 49. Qc6+ Kh5 50. Qe6 Kh4 51. Qxf7 Qe5 52. Qxh7+ Kg3 53. Qd3+ Kh4 54. Qc4+ g4 55. Qxg4# 1-0


[Site "https://www.chess.com"]

[Event "Titled Tuesday Blitz February 28 Late 2023"]
[White "Kalajzic, Ivan"]
[Black "Durarbayli, Vasif"]
[WhiteFideId "14506378"]
[BlackFideId "13402935"]
[WhiteElo "2203"]
[BlackElo "2543"]
[Result "0-1"]
[Round "01"]
[TimeControl "180+2"]
[Date "2023.02.28"]
[WhiteClock "0:00:01"]
[BlackClock "0:00:11"]

1. b3 e5 2. Bb2 Nc6 3. e3 d5 4. Bb5 Bd6 5. f4 Qh4+ 6. g3 Qe7 7. Nf3 f6 8. Qe2 Nh6 9. Nc3 Be6 10. O-O-O O-O 11. h3 Nf5 12. Rdg1 e4 13. Nh4 Nxh4 14. gxh4 Kh8 15. Qf2 Nd8 16. Be2 Ba3 17. Qg3 Bxb2+ 18. Kxb2 Rg8 19. Bg4 f5 20. Bd1 Nf7 21. Ne2 Qf6+ 22. Kb1 c5 23. Qf2 a5 24. c3 b5 25. Ng3 Qxh4 26. Nxe4 Qe7 27. Ng5 a4 28. Qh4 Nxg5 29. Rxg5 axb3 30. Rhg1 bxa2+ 31. Ka1 g6 32. Bh5 Bf7 33. Bd1 b4 34. Qh6 bxc3 35. d4 cxd4 36. exd4 Qf6 37. Bc2 Rg7 38. h4 Qxd4 39. h5 Qb4 40. Qxh7+ Rxh7 0-1


[Site "https://www.chess.com"]

[Event "Titled Tuesday Blitz February 28 Late 2023"]
[White "Kamsky, Gata"]
[Black "Erzhanov, Arman"]
[WhiteFideId "2000024"]
[BlackFideId "4138821"]
[WhiteElo "2666"]
[BlackElo "2138"]
[Result "1-0"]
[Round "01"]
[TimeControl "180+2"]
[Date "2023.02.28"]
[WhiteClock "0:00:49"]
[BlackClock "0:00:02"]

1. d4 d6 2. Nf3 g6 3. c3 Bg7 4. Bg5 h6 5. Bh4 Nf6 6. Nbd2 Bf5 7. Qb3 Qc8 8. e3 O-O 9. Be2 c6 10. O-O Re8 11. a4 Nbd7 12. a5 e5 13. Rfd1 e4 14. Ne1 d5 15. c4 Be6 16. Rdc1 Bf8 17. cxd5 Nxd5 18. Qa4 a6 19. Nxe4 f5 20. Nc3 N7f6 21. Bxf6 Nxf6 22. Bc4 Kh7 23. Bxe6 Qxe6 24. Nd3 Ne4 25. Qa2 Qf6 26. Qb3 Rab8 27. Ne5 Kg7 28. f4 Bd6 29. Nxe4 fxe4 30. Nd7 Qe7 31. Nxb8 Rxb8 32. d5 c5 33. Ra4 g5 34. g3 gxf4 35. exf4 e3 36. Re1 Re8 37. Re2 h5 38. Qd3 h4 39. Qf5 hxg3 40. hxg3 Qf6 41. Qxf6+ Kxf6 42. Kg2 Kf5 43. Kf3 Rh8 44. Rxe3 Rh2 45. Re6 Rh3 46. Rxd6 1-0


[Site "https://www.chess.com"]

[Event "Titled Tuesday Blitz February 28 Late 2023"]
[White "Yeritsyan, Hayk"]
[Black "Van Foreest, Jorden"]
[WhiteFideId "13307320"]
[BlackFideId "1039784"]
[WhiteElo "2482"]
[BlackElo "2633"]
[Result "0-1"]
[Round "01"]
[TimeControl "180+2"]
[Date "2023.02.28"]
[WhiteClock "0:00:03"]
[BlackClock "0:00:33"]

1. d4 d5 2. Nf3 Nf6 3. e3 Bf5 4. Bd3 Bxd3 5. Qxd3 e6 6. Qb5+ Nbd7 7. Qxb7 c5 8. Qb5 c4 9. c3 Bd6 10. Qa4 O-O 11. O-O e5 12. dxe5 Nxe5 13. Nxe5 Bxe5 14. Nd2 Re8 15. Qc2 Rc8 16. Nf3 Ne4 17. Rd1 Bb8 18. Bd2 Rc6 19. Be1 Rh6 20. b3 Bxh2+ 21. Kf1 Bb8 22. bxc4 Qc8 23. Rxd5 Rh1+ 24. Ke2 Qg4 25. Rad1 Bc7 26. R1d4 h6 27. c5 Qg6 28. c6 Bb6 29. Rc4 Qe6 30. Qd3 Bc7 31. Rd7 Nd6 32. Rxd6 Bxd6 33. c7 Rc8 34. Rc6 Qxa2+ 35. Bd2 Qa1 36. Ne1 Bxc7 37. Qd7 Rf8 38. Rxc7 Qa6+ 39. Qd3 Qg6 40. Qxg6 fxg6 41. Rxa7 Rh5 42. g3 Rhf5 43. f4 Rh5 44. Kf3 Rh2 45. Ra2 Rd8 46. c4 Rhxd2 47. Rxd2 Rxd2 48. Ke4 Kf7 49. Nf3 Rg2 50. c5 Rxg3 51. c6 Ke7 52. Ne5 Kd6 53. Kd4 h5 54. Ke4 h4 55. Nf3 h3 56. Ne5 h2 57. c7 h1=Q+ 0-1


[Site "https://www.chess.com"]

[Event "Titled Tuesday Blitz February 28 Late 2023"]
[White "Abdrlauf, Elham"]
[Black "reevecanada"]
[WhiteFideId "1533533"]
[WhiteElo "2476"]
[BlackElo "2482"]
[Result "1-0"]
[Round "01"]
[TimeControl "180+2"]
[Date "2023.02.28"]
[WhiteClock "0:02:03"]
[BlackClock "0:00:35"]

1. e4 c5 2. Nf3 d6 3. d4 cxd4 4. Nxd4 Nf6 5. f3 e5 6. Nb3 Be6 7. c4 Be7 8. Nc3 Nbd7 9. Be3 O-O 10. Rc1 Nb6 11. Nd5 Bxd5 12. cxd5 Rc8 13. Be2 Nfd7 14. O-O Bg5 15. Qd2 Bxe3+ 16. Qxe3 a6 17. Na5 Nxd5 18. Rxc8 Nxe3 19. Rxd8 Rxd8 20. Rc1 d5 21. Kf2 d4 22. Nxb7 Rb8 23. Bxa6 Kf8 24. b4 Ke7 25. Rc7 Nd1+ 26. Ke2 Nc3+ 27. Kd3 Na4 28. Bb5 Nb6 29. Bxd7 Nxd7 30. Nc5 Rd8 31. Ra7 Kd6 32. Nb7+ Kc7 33. Nxd8+ 1-0


[Site "https://www.chess.com"]

[Event "Titled Tuesday Blitz February 28 Late 2023"]
[White "Toncheva, Nadya"]
[Black "Rustemov, Alexander"]
[WhiteFideId "2924056"]
[BlackFideId "4119002"]
[WhiteElo "2101"]
[BlackElo "2910"]
[Result "0-1"]
[Round "01"]
[TimeControl "180+2"]
[Date "2023.02.28"]
[WhiteClock "0:00:27"]
[BlackClock "0:01:09"]

1. e4 e6 2. d4 d5 3. Nd2 dxe4 4. Nxe4 Bd7 5. Nf3 Bc6 6. Bd3 Nd7 7. O-O Ngf6 8. Qe2 Be7 9. c3 Nxe4 10. Bxe4 Bxe4 11. Qxe4 c6 12. Ne5 O-O 13. Be3 Nxe5 14. dxe5 Qd5 15. Qxd5 cxd5 16. Rac1 Rfc8 17. f4 Bc5 18. Kf2 f6 19. exf6 gxf6 20. Rfe1 Kf7 21. Rc2 h5 22. Rce2 Bxe3+ 23. Rxe3 Rc6 24. Rh3 Kg6 25. Re2 b5 26. a3 a5 27. Rf3 Kf5 28. g3 b4 29. axb4 axb4 30. cxb4 Rb8 31. Rb3 e5 32. fxe5 fxe5 33. h3 Rcb6 34. g4+ hxg4 35. hxg4+ Ke6 36. Kf3 Rxb4 37. Rxb4 Rxb4 38. Rg2 Rb3+ 0-1


[Site "https://www.chess.com"]

[Event "Titled Tuesday Blitz February 28 Late 2023"]
[White "Sanal, Vahap"]
[Black "Vovk, Orest"]
[WhiteFideId "6300545"]
[BlackFideId "14113490"]
[WhiteElo "2605"]
[BlackElo "2215"]
[Result "1-0"]
[Round "01"]
[TimeControl "180+2"]
[Date "2023.02.28"]
[WhiteClock "0:00:56"]
[BlackClock "0:00:32"]

1. Nf3 h6 2. e4 g5 3. d4 Bg7 4. h3 c5 5. Nc3 cxd4 6. Nxd4 Nc6 7. Be3 d6 8. Be2 Nf6 9. O-O Nd7 10. Qd2 Nde5 11. Nf5 Bxf5 12. exf5 Qd7 13. f4 gxf4 14. Rxf4 Bf6 15. Nd5 Bg5 16. Rf2 Bxe3 17. Qxe3 O-O-O 18. Rd1 Kb8 19. b4 Rc8 20. c4 f6 21. a3 h5 22. a4 h4 23. a5 Rhg8 24. Qf4 Rg3 25. Qxh4 Rcg8 26. Kh2 Rb3 27. Qh7 Qe8 28. b5 Nxa5 29. Qxe7 Naxc4 30. Qc7+ Ka8 31. Bxc4 Nxc4 32. Qxc4 Qe5+ 33. Qf4 1-0


[Site "https://www.chess.com"]

[Event "Titled Tuesday Blitz February 28 Late 2023"]
[White "Khandelwal, Ankush"]
[Black "Svane, Frederik"]
[WhiteFideId "413470"]
[BlackFideId "12923044"]
[WhiteElo "2263"]
[BlackElo "2502"]
[Result "0-1"]
[Round "01"]
[TimeControl "180+2"]
[Date "2023.02.28"]
[WhiteClock "0:00:12"]
[BlackClock "0:01:02"]

1. e4 c6 2. d4 d5 3. exd5 cxd5 4. c4 Nf6 5. Nf3 Nc6 6. Nc3 a6 7. cxd5 Nxd5 8. Bc4 Be6 9. Qe2 Nxc3 10. bxc3 Bxc4 11. Qxc4 e6 12. O-O Be7 13. Re1 O-O 14. Rb1 Rc8 15. Qa4 Qd7 16. Bd2 Rfd8 17. Rb6 Nxd4 18. Qxd4 Qc7 19. Qg4 Qxb6 20. Bh6 Bf6 21. Ng5 gxh6 22. Ne4+ Bg7 23. Nf6+ Kh8 24. Qe4 Bxf6 0-1


[Site "https://www.chess.com"]

[Event "Titled Tuesday Blitz February 28 Late 2023"]
[White "Licznerski, Lukasz"]
[Black "Kleiman, Jake"]
[WhiteFideId "1179250"]
[BlackFideId "2020041"]
[WhiteElo "2450"]
[BlackElo "2476"]
[Result "0-1"]
[Round "01"]
[TimeControl "180+2"]
[Date "2023.02.28"]
[WhiteClock "0:00:03"]
[BlackClock "0:00:11"]

1. e4 e5 2. Nf3 Nc6 3. Bb5 a6 4. Bxc6 dxc6 5. O-O f6 6. d4 Bg4 7. c3 Qe7 8. Be3 O-O-O 9. Nbd2 Qe8 10. b4 exd4 11. cxd4 f5 12. exf5 Ne7 13. h3 Bxf5 14. a4 Nd5 15. Bg5 Bxb4 16. Bxd8 Qxd8 17. Nc4 a5 18. Ne3 Be4 19. Ne5 Qh4 20. Nxd5 Bxd5 21. Qd3 Rf8 22. f3 g6 23. Rf2 Qg3 24. Raf1 Bd6 25. Re2 Rf5 26. Qe3 b6 27. Rfe1 Kb7 28. Qd3 Bxe5 29. dxe5 Rxf3 30. Qd4 Rf4 31. Qd2 Be6 32. Rf2 Rxf2 33. Qxf2 Qc3 34. Re3 Qd4 35. Kh2 Qxa4 36. Re2 Qc4 37. Re1 a4 38. Qe3 Qb3 39. Rc1 Qxe3 0-1


[Site "https://www.chess.com"]

[Event "Titled Tuesday Blitz February 28 Late 2023"]
[White "Kochetov, Andrey"]
[Black "Swiercz, Dariusz"]
[WhiteFideId "24130532"]
[BlackFideId "1126881"]
[WhiteElo "2475"]
[BlackElo "2627"]
[Result "0-1"]
[Round "01"]
[TimeControl "180+2"]
[Date "2023.02.28"]
[WhiteClock "0:01:00"]
[BlackClock "0:01:24"]

1. e4 c5 2. Nf3 Nc6 3. d4 cxd4 4. Nxd4 e5 5. Nb5 d6 6. c4 g6 7. N1c3 a6 8. Na3 Be6 9. Be3 Rc8 10. Qd2 Bg7 11. Nc2 f5 12. exf5 gxf5 13. f4 Nf6 14. Be2 O-O 15. O-O d5 16. fxe5 Ne4 17. Nxe4 dxe4 18. Rad1 Bxe5 19. b3 Qh4 20. g3 Bxg3 21. hxg3 Qxg3+ 22. Kh1 Qh3+ 23. Kg1 Kf7 24. Kf2 Qh4+ 0-1


[Site "https://www.chess.com"]

[Event "Titled Tuesday Blitz February 28 Late 2023"]
[White "Rasulov, Vugar"]
[Black "Kleinman, Michael"]
[WhiteFideId "13402390"]
[BlackFideId "2609479"]
[WhiteElo "2509"]
[BlackElo "2287"]
[Result "1-0"]
[Round "01"]
[TimeControl "180+2"]
[Date "2023.02.28"]
[WhiteClock "0:00:42"]
[BlackClock "0:00:07"]

1. Nf3 c5 2. e4 e6 3. d4 cxd4 4. Nxd4 Nc6 5. Nc3 Qc7 6. Be3 a6 7. Qf3 h5 8. Nxc6 bxc6 9. Qg3 Qxg3 10. hxg3 d5 11. g4 Nf6 12. f3 dxe4 13. Nxe4 Nxe4 14. fxe4 h4 15. O-O-O Be7 16. g5 e5 17. Bc4 Be6 18. Bxe6 fxe6 19. Rh3 Kf7 20. Rd7 Rad8 21. g6+ Ke8 22. Rc7 Rf8 23. c3 Rf6 24. Rxe7+ Kxe7 25. Bg5 Rf8 26. Rf3 Ke8 27. Bxf6 Rxf6 28. Rxf6 gxf6 29. Kd2 Kf8 30. b4 Kg7 31. c4 Kxg6 32. a4 Kf7 33. b5 cxb5 34. cxb5 h3 35. gxh3 1-0


[Site "https://www.chess.com"]

[Event "Titled Tuesday Blitz February 28 Late 2023"]
[White "Petrovic, Aleksa"]
[Black "Chigaev, Maksim"]
[WhiteFideId "967629"]
[BlackFideId "4108116"]
[WhiteElo "2304"]
[BlackElo "2547"]
[Result "0-1"]
[Round "01"]
[TimeControl "180+2"]
[Date "2023.02.28"]
[WhiteClock "0:00:17"]
[BlackClock "0:00:11"]

1. d4 Nf6 2. c4 g6 3. Nc3 Bg7 4. e4 d6 5. Be2 O-O 6. Bg5 c5 7. d5 e6 8. Nf3 exd5 9. exd5 Qb6 10. Qd2 Bf5 11. O-O Ne4 12. Nxe4 Bxe4 13. Qf4 Bxf3 14. Bxf3 Nd7 15. Rab1 Rfe8 16. h4 Ne5 17. Be2 h5 18. Rfe1 Qa5 19. Red1 Qxa2 20. Bf1 Qb3 21. Rbc1 a6 22. Re1 Qxb2 23. Rb1 Qc2 24. Rxb7 Qf5 25. Qxf5 gxf5 26. Reb1 Ng4 27. Rd7 Bd4 28. Rxd6 Bxf2+ 29. Kh1 Rab8 30. Rxb8 Rxb8 31. Rd8+ Rxd8 32. Bxd8 Kf8 33. Bd3 Ke8 34. Bg5 f6 35. Bd2 Be3 36. Ba5 Nf2+ 0-1


[Site "https://www.chess.com"]

[Event "Titled Tuesday Blitz February 28 Late 2023"]
[White "Livaic, Leon"]
[Black "Sokac, Marko"]
[WhiteFideId "14531534"]
[BlackFideId "14531356"]
[WhiteElo "2509"]
[BlackElo "2355"]
[Result "1-0"]
[Round "01"]
[TimeControl "180+2"]
[Date "2023.02.28"]
[WhiteClock "0:00:22"]
[BlackClock "0:00:02"]

1. Nf3 e6 2. g3 g5 3. h3 Bg7 4. Bg2 h6 5. d4 Ne7 6. e4 d6 7. c4 Nd7 8. Nc3 Ng6 9. Qc2 b6 10. Be3 Bb7 11. O-O-O Qe7 12. Kb1 O-O-O 13. Rhe1 Kb8 14. a3 Rhe8 15. Ng1 Qf8 16. f4 gxf4 17. gxf4 Nh4 18. Bf1 f5 19. e5 dxe5 20. fxe5 Nf3 21. Nxf3 Bxf3 22. Bg2 Bxd1 23. Qxd1 Nxe5 24. Qa4 f4 25. dxe5 f3 26. Bh1 Bxe5 27. Qc6 Rd6 28. Qxf3 Qxf3 29. Bxf3 Bxc3 30. bxc3 Rd3 31. Kc2 Red8 32. Be4 R3d6 33. Bxh6 Rh8 34. Bf4 Rd7 35. Rh1 Rf7 36. Bg5 Rf2+ 37. Kb3 Re2 38. Bc2 Rg2 39. Bf6 Rh6 40. Be5 Rh5 41. Bd4 a5 42. a4 e5 43. Be3 Rg3 44. Re1 1-0


[Site "https://www.chess.com"]

[Event "Titled Tuesday Blitz February 28 Late 2023"]
[White "Goncalves, Davi Sulzbacher"]
[Black "Indjic, Aleksandar"]
[WhiteFideId "2154510"]
[BlackFideId "911925"]
[WhiteElo "2182"]
[BlackElo "2625"]
[Result "0-1"]
[Round "01"]
[TimeControl "180+2"]
[Date "2023.02.28"]
[WhiteClock "0:00:02"]
[BlackClock "0:01:11"]

1. d4 Nf6 2. Nf3 e6 3. g3 c5 4. Bg2 cxd4 5. Nxd4 d5 6. c4 e5 7. Nc2 d4 8. O-O Nc6 9. b4 a5 10. b5 Nb8 11. Nd2 Nbd7 12. f4 Bc5 13. Nb3 Ba7 14. fxe5 Nxe5 15. c5 a4 16. b6 Bxb6 17. cxb6 axb3 18. Qxd4 Qxd4+ 19. Nxd4 bxa2 20. Nb5 O-O 21. Ba3 Rd8 22. Be7 Rd2 23. Nd6 Nfd7 24. Nxc8 Rxc8 25. Bxb7 Rb8 26. Be4 Rxb6 27. Bd8 Rbb2 28. Bc7 f6 29. Bf5 Kf7 30. Bxh7 g6 31. Rad1 Rxd1 32. Rxd1 Rb1 0-1


[Site "https://www.chess.com"]

[Event "Titled Tuesday Blitz February 28 Late 2023"]
[White "Dardha, Daniel"]
[Black "Womacka, Mathias"]
[WhiteFideId "240990"]
[BlackFideId "4611390"]
[WhiteElo "2581"]
[BlackElo "2377"]
[Result "1-0"]
[Round "01"]
[TimeControl "180+2"]
[Date "2023.02.28"]
[WhiteClock "0:00:14"]
[BlackClock "0:00:13"]

1. d4 Nf6 2. Bg5 Ne4 3. h4 c5 4. dxc5 Qa5+ 5. Nd2 Nxg5 6. hxg5 Qxc5 7. Ngf3 g6 8. Rh4 Nc6 9. c3 Bg7 10. e3 d6 11. Bd3 h5 12. gxh6 Rxh6 13. Rxh6 Bxh6 14. Qb3 Be6 15. Qa4 O-O-O 16. Bc4 d5 17. Be2 Kb8 18. O-O-O Bc8 19. Kb1 e5 20. Qh4 Rh8 21. Nb3 Qd6 22. Ka1 Be6 23. Qg3 Bf8 24. e4 d4 25. cxd4 Bxb3 26. axb3 exd4 27. Qxd6+ Bxd6 28. Nxd4 Nxd4 29. Rxd4 Bc5 30. Rd7 Bxf2 31. e5 Re8 32. Rxf7 Bd4 33. Bf3 Rxe5 34. Rxb7+ Kc8 35. Rb4 Re1+ 36. Ka2 Be5 37. Rg4 Rf1 38. Rg5 Bd4 39. Rxg6 Rf2 40. Rc6+ Kd7 41. Rh6 Rxb2+ 42. Ka3 Rf2 43. Rh7+ Kd6 44. Kb4 Bb6 45. Rh6+ Ke5 46. Kb5 Kf4 47. Rf6+ Kg5 48. Re6 Rb2 49. b4 Bf2 50. Kc4 Kf4 51. Re7 Be3 52. Re4+ Kg3 53. Rxe3 1-0


[Site "https://www.chess.com"]

[Event "Titled Tuesday Blitz February 28 Late 2023"]
[White "Mikhalsky, Vladimir"]
[Black "Hansen, Eric"]
[WhiteFideId "14144352"]
[BlackFideId "2606771"]
[WhiteElo "2272"]
[BlackElo "2569"]
[Result "0-1"]
[Round "01"]
[TimeControl "180+2"]
[Date "2023.02.28"]
[WhiteClock "0:00:17"]
[BlackClock "0:00:59"]

1. d4 Nf6 2. c4 e6 3. g3 Bb4+ 4. Bd2 Be7 5. Bg2 d5 6. Nf3 O-O 7. O-O c6 8. Qc2 b6 9. b3 Bb7 10. Bc3 Nbd7 11. Rd1 Rc8 12. Bb2 c5 13. dxc5 Rxc5 14. Nd4 a6 15. Nc3 Rc7 16. Qb1 dxc4 17. Bxb7 Rxb7 18. Nc6 Qe8 19. bxc4 Rc7 20. Nxe7+ Qxe7 21. a4 Rfc8 22. Ba3 Qe8 23. Ne4 Nxe4 24. Qxe4 Rxc4 25. Qb7 Ne5 26. Qxa6 Rxa4 27. Qxb6 h5 28. Bb2 Nc4 29. Qd4 e5 30. Qc3 h4 31. Rdc1 h3 32. Rxa4 Qxa4 33. Qc2 Qa8 34. f3 Qa7+ 35. Kf1 Ne3+ 36. Ke1 Rxc2 37. Rxc2 Nxc2+ 0-1


[Site "https://www.chess.com"]

[Event "Titled Tuesday Blitz February 28 Late 2023"]
[White "Norowitz, Yaacov"]
[Black "Dudzinski, Pawel"]
[WhiteFideId "2024799"]
[BlackFideId "1117890"]
[WhiteElo "2401"]
[BlackElo "2099"]
[Result "1-0"]
[Round "01"]
[TimeControl "180+2"]
[Date "2023.02.28"]
[WhiteClock "0:00:19"]
[BlackClock "0:00:22"]

1. d4 d5 2. e3 c6 3. Bd3 e6 4. Nd2 f5 5. Ne2 Nf6 6. O-O Be7 7. b3 O-O 8. Bb2 Bd7 9. Qc1 Be8 10. Ba3 Ne4 11. Bxe4 fxe4 12. f3 exf3 13. Rxf3 Nd7 14. Rxf8+ Nxf8 15. Nf4 g5 16. Nd3 Bg6 17. Bxe7 Qxe7 18. Ne5 Be4 19. Nxe4 dxe4 20. Qd1 Nd7 21. Nxd7 Qxd7 22. Qg4 Qd5 23. Rf1 Rf8 24. h4 Rxf1+ 25. Kxf1 Qf5+ 26. Qxf5 exf5 27. hxg5 Kg7 28. g3 Kg6 29. c4 Kxg5 30. b4 h5 31. Kg2 h4 32. gxh4+ Kxh4 33. d5 cxd5 34. cxd5 Kg5 35. Kg3 b5 36. a3 Kg6 37. Kf4 Kf6 38. d6 Ke6 39. d7 Kxd7 40. Kxf5 Kd6 41. Kxe4 Ke6 42. Kd4 Kd6 43. e4 a6 44. e5+ Kc6 45. Ke4 Kd7 46. Kd5 Ke7 47. e6 Ke8 48. Kd6 Kd8 49. e7+ Ke8 50. Ke6 a5 51. bxa5 b4 52. a6 bxa3 53. a7 a2 54. a8=Q# 1-0


[Site "https://www.chess.com"]